 Dungeon Sprint DCSS version 0.27.1-4-g1640c2035a (webtiles) character file.

Game seed: 11417485017537928056

54 boopmooplesden the Shield-Bearer (level 4, 0/45 HPs)
             Began as a Minotaur Fighter on Nov 10, 2021.
             Was an Initiate of Okawaru.
             Slain by a naga (10 damage)
             ... in the Dungeon (Sprint VI: "Thunderdome").
             The game lasted 00:02:08 (275 turns).

boopmooplesden the Shield-Bearer (Minotaur Fighter)  Turns: 275, Time: 00:02:09

Health: 0/45       AC: 10    Str: 23    XL:     4   Next: 70%
Magic:  3/3        EV:  5    Int: 11    God:    Okawaru [......]
Gold:   37         SH: 16    Dex: 16    Spells: 3/3 levels left

rFire    + . .     SeeInvis +   a - +0 long sword
rCold    x . .     Faith    .   c - +0 kite shield
rNeg     . . .     Spirit   .   b - +0 scale mail
rPois    .         Reflect  +   (helmet restricted)
rElec    +         Harm     .   r - +0 cloak
rCorr    +         Rampage  .   s - +0 pair of gloves
Will     .....     NoTele   +   (no boots)
Stlth    +.........             q - amulet of Untruth {Reflect Str+2 Dex+4 SH+5 Stlth+}
HPRegen  0.15/turn              o - ring "Poshu" {Fire +Blink rCorr Dex+2}
MPRegen  0.08/turn              p - ring "Ahabren" {*Slow rElec Int+6 SInv}

@: mighty, constricted
A: horns 2, retaliatory headbutt
a: Renounce Religion, Evoke Blink


You were in the Dungeon.
You worshipped Okawaru.
Okawaru was noncommittal.
You visited 1 branch You collected 280 gold pieces.
You spent 243 gold pieces at shops.

Inventory:

Hand Weapons
 a - a +0 long sword (weapon)
Armour
 b - a +0 scale mail (worn)
 c - a +0 kite shield (worn)
 r - a +0 cloak (worn)
 s - a +0 pair of gloves (worn)
Jewellery
 o - the ring "Poshu" (left hand) {Fire +Blink rCorr Dex+2}
   (You bought it in a shop in the Dungeon)

   [ring of fire]

   It enhances your fire magic.
   Dex:       It affects your dexterity (+2).
   rF:        It protects you from fire.
   rC:        It makes you vulnerable to cold.
   +Blink:    It lets you blink.
   rCorr:     It protects you from acid and corrosion.
 p - the ring "Ahabren" (right hand) {*Slow rElec Int+6 SInv}
   (You bought it in a shop in the Dungeon)

   [ring of intelligence]

   Int:       It affects your intelligence (+6).
   rElec:     It insulates you from electricity.
   SInv:      It lets you see invisible.
   *Slow:     It may slow you when you take damage.
 q - the amulet of Untruth (around neck) {Reflect Str+2 Dex+4 SH+5 Stlth+}
   (You bought it in a shop in the Dungeon)

   [amulet of reflection]

   It reflects blocked missile attacks.
   Str:       It affects your strength (+2).
   Dex:       It affects your dexterity (+4).
   SH:        It affects your SH (+5).
   Stlth:     It makes you more stealthy.
Wands
 l - a wand of acid (5)
 m - a wand of iceblast (5)
Scrolls
 j - 4 scrolls of blinking
 n - 3 scrolls of fog
Potions
 e - a potion of curing
 f - 4 potions of heal wounds
 g - 4 potions of haste
 h - 2 potions of magic
 i - a potion of berserk rage
 k - a potion of resistance


   Skills:
 + Level 6.9 Fighting
 + Level 5.1 Long Blades
 + Level 6.7 Armour
 + Level 1.0 Dodging
 + Level 7.0 Shields


You had 3 spell levels left.
You didn't know any spells.
Your spell library was empty.

Dungeon Overview and Level Annotations

Branches:
Dungeon (1/1)

Altars:
Cheibriados
Dithmenos
Fedhas
Gozag
Kikubaaqudgha
Makhleb
Okawaru
Qazlal
Ru
Sif Muna
Trog
Uskayaw
Vehumet
Wu Jian
Xom
Yredelemnul
Zin
The Shining One
Beogh
Jiyva
Lugonu

Shops:
D *[??*?*:[((!!!!


Innate Abilities, Weirdness & Mutations

You have a pair of horns on your head.
You reflexively headbutt those who attack you in melee.


Message History

The adder bites you but does no damage.
You block the ball python's attack. x2; You block the adder's attack.
You barely miss the ball python. You headbutt the ball python.
You kill the ball python!
Okawaru accepts your kill. You block the adder's attack.
The adder bites you but does no damage. You block the adder's attack.
The adder barely misses you. You furiously retaliate!
You headbutt the adder!
You kill the adder!
Okawaru accepts your kill. The adder bites you but does no damage.
You slash the adder!
You kill the adder!
Okawaru accepts your kill. You block the ball python's attack. x2
Your Long Blades skill increases to level 5!
Your Dodging skill increases to level 1!
Your Shields skill increases to level 7!
You slash the ball python!
You kill the ball python!
Okawaru accepts your kill. The naga spits poison at you.
The splash of poison hits you but does no damage.
You are poisoned.
You feel sick.
You feel sick.
You feel sick.
You feel very mighty all of a sudden.
You feel sick.
You feel sick.
You are no longer poisoned.
The naga spits poison at you. The splash of poison misses you.
You slash the naga!
The naga is heavily wounded.
The naga hits you with a +0 trident! The naga grabs you.
The naga constricts you.
* * * LOW HITPOINT WARNING * * *
The naga hits you with a +0 trident!
You die...

#_........# #_......._#
#_......._# ###.........###
#⌠...........⌠#
######.8.........8.######
##.___......###......___∩##
##∩........8.# #.8........∩###
.............###@............#
..........###..N###..........⌠
..........# #.<.# #...÷......⌠
..........###...###..........⌠
......†.....)###.............#
##∩.....)..8.# #.8........∩###
##∩___.....)###......___∩##
######.8.........8.######
#⌠.......÷...⌠#


You could see a naga (catching breath).

Vanquished Creatures
  A kobold brigand (D)
  2 adders (D)
  2 river rats (D)
  2 hobgoblins (D)
  3 kobolds (D)
  2 ball pythons (D)
  3 rats (D)
15 creatures vanquished.

Notes
Turn   | Place    | Note
-------+----------+-------------------------------------------
     0 | D        | boopmooplesden the Minotaur Fighter began the quest for the
                  | Orb.
     0 | D        | Reached XP level 1. HP: 19/19 MP: 0/0
     3 | D        | Found a corrupted altar of Lugonu.
     3 | D        | Found an iron altar of Okawaru.
     4 | D        | Found an ornate altar of the Wu Jian Council.
     4 | D        | Found a shimmering blue altar of Sif Muna.
     5 | D        | Found a hide-covered altar of Uskayaw.
     5 | D        | Found a shadowy altar of Dithmenos.
     5 | D        | Round 1.
     6 | D        | Found a blossoming altar of Fedhas.
     6 | D        | Found a shimmering altar of Xom.
     6 | D        | Found Esmiang's Identification Station.
     7 | D        | Found Qizourenago's Jewellery.
     7 | D        | Found Cucw's Advanced Armour.
    15 | D        | Bought a bound silver ring for 45 gold pieces
    15 | D        | Identified the ring "Poshu" {Fire +Blink rCorr Dex+2} (You
                  | bought it in a shop in the Dungeon)
    15 | D        | Bought a bound lapis lazuli ring for 45 gold pieces
    15 | D        | Identified the ring "Ahabren" {*Slow rElec Int+6 SInv} (You
                  | bought it in a shop in the Dungeon)
    15 | D        | Bought a faintly glowing diamond amulet for 45 gold pieces
    15 | D        | Identified the amulet of Untruth {Reflect Str+2 Dex+4 SH+5
                  | Stlth+} (You bought it in a shop in the Dungeon)
    30 | D        | Found a bloodstained altar of Trog.
    31 | D        | Found a radiant altar of Vehumet.
    31 | D        | Found a sacrificial altar of Ru.
    31 | D        | Found Xosmybap's Magic Scroll Shop.
    31 | D        | Found Tall's Staff Store.
    32 | D        | Found Mofyn's Magic Scroll Shop.
    32 | D        | Found Xoill's Must-Have Magic.
    35 | D        | Found a burning altar of Makhleb.
    36 | D        | Found an ancient bone altar of Kikubaaqudgha.
    37 | D        | Found a snail-covered altar of Cheibriados.
    40 | D        | Found Molah's Distillery.
    41 | D        | Found Kiatuc's Distillery.
    41 | D        | Found Wusez's Bottled Wisdom.
    42 | D        | Found a glowing silver altar of Zin.
    42 | D        | Found a stormy altar of Qazlal.
    42 | D        | Found Niffim's Do-It-Yourself Clinic.
    45 | D        | Reached skill level 4 in Shields
    46 | D        | Found a glowing golden altar of the Shining One.
    47 | D        | Found a basalt altar of Yredelemnul.
    48 | D        | Found a viscous altar of Jiyva.
    49 | D        | Found Nabugy's Weapon Rack.
    50 | D        | Found an opulent altar of Gozag.
    50 | D        | Found Vuitzey's Premium Goods.
    50 | D        | Found Yxegguk's Basic Armour.
    50 | D        | Found Xonikeoj's Miscellaneous Merchandise.
    55 | D        | Reached XP level 2. HP: 28/28 MP: 1/1
    64 | D        | Arena points: 12 (+12) [x2]
    65 | D        | Reached skill level 5 in Fighting
    65 | D        | Reached skill level 5 in Armour
    65 | D        | Reached skill level 5 in Shields
    70 | D        | Bought a +0 cloak for 54 gold pieces
   102 | D        | Became a worshipper of Warmaster Okawaru
   116 | D        | Round 2.
   205 | D        | Noticed a kobold brigand
   213 | D        | Killed a kobold brigand
   213 | D        | Arena points: 54 (+42) [x3]
   214 | D        | Reached skill level 6 in Shields
   214 | D        | Reached XP level 3. HP: 21/38 MP: 2/2
   214 | D        | Reached XP level 4. HP: 25/45 MP: 3/3
   229 | D        | Bought a +0 pair of gloves for 54 gold pieces
   249 | D        | Round 3.
   250 | D        | Noticed a naga
   267 | D        | Reached skill level 5 in Long Blades
   267 | D        | Reached skill level 1 in Dodging
   267 | D        | Reached skill level 7 in Shields
   275 | D        | Slain by a naga

Illustrated notes

Levels and vault maps discovered:
D:        arena_sprint

Skill      XL: |  1  2  3  4 |
---------------+-------------+-----
Fighting       | 4 6 |  6.9
Armour         | 4 6 |  6.7
Shields        | 4 6 7 |  7.0
Long Blades    | 4 5 |  5.1
Dodging        | 1 |  1.0

Action                   |  1- 3 |  4- 6 || total
-------------------------+-------+-------++-------
Melee: Long sword        |    28 |     6 ||    34
       Headbutt          |     7 |     1 ||     8
  Use: Potion            |       |     1 ||     1
Armor: Scale mail        |     7 |     4 ||    11
Dodge: Dodged            |     7 |     3 ||    10
Block: Kite shield       |    17 |     8 ||    25
       Rpst.: Long sword |     1 |       ||     1
